cohdb
Replays
Latest Replays
All Replays
Popular Replays
Top Player Replays
Match Explorer
How It Works
Community
CoH3 Stats
Reddit
Sign in to upload your games and track your stats! →
Sign in with Steam
Match 47082431
Unlisted
Match 47082431
Overview
Messages
Build Orders
End
Construct Infanterie Kompanie
Pioneer Squad
Pioneer Squad
Selects Breakthrough Battlegroup
MG 42 Machine Gun Team
MG 42 Machine Gun Team
Sniper
Selects 2.5-tonne Cargo Truck
2.5-tonne Cargo Truck
Construct Luftwaffe Kompanie
2.5-tonne Cargo Truck
Medical Bunker
Construct Panzer Kompanie
Selects Blitzkrieg
Panzer IV Medium Tank
Pioneer Squad
Pioneer Squad
Selects Panzer IV Command Tank Sd.Kfz. 161/1
Panzer IV Command Tank
Panzer Officer Quarters
Stoßtruppen Squad
Panzer IV Medium Tank
Selects Assault Grenadiers
Selects Smoke Bombing Run
Selects Incendiary Bombing Run
Smoke Bombing Run
Blitzkrieg
Panzer IV Medium Tank
Smoke Bombing Run
Panzer IV Medium Tank
Stoßtruppen Squad
Side Skirts
Incendiary Bombing Run
Smoke Bombing Run
Panzer IV Medium Tank
Smoke Bombing Run
Incendiary Bombing Run
Pioneer Squad
Pioneer Squad
Panzer IV Medium Tank
Smoke Bombing Run
United
~SOK-BarbaPeñaloza
~TAB~ THUND3RCHUNKY
The_Jonny_Boy94
0
0
Comments
sign in to comment!
No comments posted yet!